 Dungeon Crawl Stone Soup version 0.24-a0-525-g9231cdcba1 (webtiles) character file.

Game seed: 13355480485932760854

87 Gynju the Insei (level 4, -5/38 HPs)
             Began as a Naga Transmuter on Aug 4, 2019.
             Slain by a gnoll
             ... wielding a +0 flail
              (12 damage)
             ... on level 2 of the Dungeon.
             The game lasted 00:03:55 (2788 turns).

Gynju the Insei (Naga Transmuter)                   Turns: 2788, Time: 00:03:55

Health: -5/38      AC:  2    Str: 12    XL:     4   Next: 51%
Magic:  8/8        EV: 10    Int: 14    God:
Gold:   55         SH:  0    Dex: 12    Spells: 8/9 levels left

rFire    . . .     SeeInvis +     - Unarmed
rCold    . . .     Gourm    .   (no shield)
rNeg     . . .     Faith    .   b - +0 robe
rPois    +         Spirit   .   (no helmet)
rElec    .         Reflect  .   (no cloak)
rCorr    .         Harm     .   (no gloves)
MR       .....                  (no barding)
Stlth    +.........             (no amulet)
HPRegen  0.12/turn              (no ring)
MPRegen  0.11/turn              (no ring)

@: very slightly contaminated, very slow
A: large, see invisible, deformed body, poison resistance, slowness 2, slow
metabolism 1, spit poison 1, AC +1
a: Spit Poison


You were on level 2 of the Dungeon.
You were hungry.

You visited 1 branch of the dungeon, and saw 3 of its levels.

You collected 55 gold pieces.

Inventory:

Missiles
 a - 35 arrows
 q - 4 atropa-tipped darts (quivered)
Armour
 b - a +0 robe (worn)
 h - a +0 helmet
Jewellery
 f - an uncursed amulet of harm {unknown}
 o - an uncursed ring of wizardry {unknown}
 p - a +2 amulet of reflection {unknown}
 r - an uncursed ring of protection from magic {unknown}
Scrolls
 c - 3 scrolls of teleportation {unknown}
 k - 2 scrolls of fear {unknown}
 n - a scroll of identify {unknown}
Potions
 e - a potion of curing {unknown}
 g - 2 potions of lignification {unknown}
 i - a potion of invisibility {unknown}
 j - a potion of might {unknown}
 l - a potion of degeneration {unknown}
 m - a potion of mutation {unknown}
 s - a potion of cancellation {unknown}
Comestibles
 d - 3 rations


   Skills:
 - Level 1.0 Fighting
 - Level 1.5 Dodging
 + Level 3.8 Unarmed Combat
 + Level 3.0 Spellcasting
 + Level 3.0 Transmutations


You had 8 spell levels left.
You knew the following spells:

 Your Spells              Type           Power        Failure   Level  Hunger
a - Beastly Appendage     Tmut           ##....       6%          1    #......

Your spell library contained the following spells:

 Spells                   Type           Power        Failure   Level  Hunger
 Sticks to Snakes         Tmut           ##......     9%          2    ##.....
 Spider Form              Tmut/Pois      #.........   34%         3    ###....
 Ice Form                 Ice/Tmut       #.......     75%         4    #####..
 Blade Hands              Tmut           ##........   86%         5    ######.


Dungeon Overview and Level Annotations

Branches:
Dungeon (3/15)

Altars:
Kikubaaqudgha
Wu Jian
The Shining One


Innate Abilities, Weirdness & Mutations

You cannot wear boots.
Your serpentine skin is tough. (AC +1)
You have supernaturally acute eyesight. (SInv)
Armour fits poorly on your strangely shaped body.
Your system is resistant to poisons. (rPois)
You cover ground very slowly.
You have a slow metabolism.
You can spit poison.


Message History

You are too injured to fight recklessly!
You are too injured to fight recklessly!
You are too injured to fight recklessly!
You closely miss the gnoll.
The gnoll is lightly wounded.
The gnoll barely misses you.
You closely miss the gnoll.
The gnoll is lightly wounded.
You barely miss the gnoll.
The gnoll is lightly wounded.
The gnoll closely misses you.
You barely miss the gnoll.
The gnoll is lightly wounded.
The gnoll hits you with a +0 flail.
You closely miss the gnoll. The gnoll hits you with a +0 flail!
* * * LOW HITPOINT WARNING * * *
You hit the gnoll.
The gnoll is moderately wounded.
The gnoll hits you with a +0 flail!
You die...

#.#######............##.#####
#.# #..#######......# # #.#
#### ###..### # #.# ##.# #
#.# #.# #.# #########.# #.#
#####.......#.# #.#
#.....#####.#.# ##### #.#
#...@.###.....###....
#.#######...g.....#.#........
#.......#.....##..#.#..##....
#.#####.#.....##..#....#####.
#.#####.#####.......#..# #.
#....##.# ####..#.#..# #.
#.##<##.# ####...)...#####.
#.##.##.# #.....#.......##.
#.......#####.....#..#.##.##.


You could see a gnoll.

Vanquished Creatures
  4 adders (D:2)
  An ooze (D:1)
  3 dart slugs
  A leopard gecko (D:2)
  A giant cockroach (D:2)
  3 goblins
  4 hobgoblins (D:1)
  3 kobolds
  9 ball pythons
  6 bats
  2 frilled lizards
  5 rats
42 creatures vanquished.

Notes
Turn   | Place    | Note
-------+----------+-------------------------------------------
     0 | D:1      | Gynju the Naga Transmuter began the quest for the Orb.
     0 | D:1      | Reached XP level 1. HP: 18/18 MP: 3/3
   221 | D:1      | Reached XP level 2. HP: 16/25 MP: 3/5
  1158 | D:1      | Reached XP level 3. HP: 31/31 MP: 4/6
  1838 | D:2      | Found a glowing golden altar of the Shining One.
  2054 | D:2      | Reached XP level 4. HP: 31/38 MP: 6/8
  2477 | D:2      | Found an ancient bone altar of Kikubaaqudgha.
  2477 | D:2      | Found an ornate altar of the Wu Jian Council.
  2788 | D:2      | Slain by a gnoll

Levels and vault maps discovered:
D:1:      dpeg_arrival_rooms_with_view, layout_basic
D:2:      lemuel_upstairs_altar, layout_loops_cross, tso_altar,
          chequers_temple_overflow_statue_of_worship, minmay_snake_closets
D:3:      cheibrodos_pilgrimage, layout_basic,
          nemelex_xobeh_ov_fountains_minmay, elyvilon_altar_1,
          nicolae_ashenzari_panopticon

Skill      XL: |  1  2  3  4 |
---------------+-------------+-----
Transmutations | 3 |  3.0
Spellcasting   | 3 |  3.0
Fighting       | |  1.0
Dodging        | |  1.5
Unarmed Combat | |  3.8

Action                   |  1- 3 |  4- 6 || total
-------------------------+-------+-------++-------
Melee: Unarmed           |   115 |    37 ||   152
       Headbutt          |    14 |     5 ||    19
       Punch             |     2 |     1 ||     3
 Cast: Beastly Appendage |    25 |    10 ||    35
 Stab: Sleeping          |       |     4 ||     4
  Eat: Chunk             |     3 |     1 ||     4
Armor: Robe              |    48 |     4 ||    52
Dodge: Dodged            |    97 |    18 ||   115

Table legend:
 A = Non-vault XP
 B = Vault XP
 C = Vault XP percentage of total XP
 D = Non-vault monster count
 E = Vault monster count
 F = Vault count percentage of total count
                 A         B        C        D         E       F
            +---------+---------+-------+---------+---------+-------
      Total |      54 |      71 |  56.8 |      28 |      14 |  33.3
            +---------+---------+-------+---------+---------+-------
        D:1 |      33 |       6 |  15.4 |      17 |       2 |  10.5
        D:2 |      21 |      65 |  75.6 |      11 |      12 |  52.2
            +---------+---------+-------+---------+---------+-------
